AoeStats
← che_wacca

Arena

510182013Analyzed
1v1 RM · 2d ago on Sep 29, 2026· 40m 26s· 2 players
Game mode
Random Map
Map size
Tiny (2 player)
Population
200
Speed
Normal
Resources
Standard
Victory
Conquest
Starting age
Dark Age
Ending age
Imperial Age
RankedLock teamsTeams togetherTeam positionsShared explorationLock speedFull tech treeHidden civsTurbo modeCheats
Victory
Defeat
🇮🇳 Byzantines · India
764
+17
🇪🇸 Lithuanians · Spain
792
-17
Chota Fanta
10:30 Feudal Age
11:36 Double-Bit Axe
11:46 Horse Collar
17:40 Castle Age
21:54 Bow Saw
21:46 Heavy Plow
28:13 Imperial Age
25:31 Pikeman
26:13 Squires
25:59 Arson
26:46 Loom
27:37 Wheelbarrow
27:53 Scale Mail Armor
28:04 Forging
29:15 Halberdier
30:53 Hand Cart
31:15 Iron Casting
30:56 Chain Mail Armor
31:22 Chain Mail Armor
33:57 Chemistry
33:18 Ballistics
32:54 Gambesons
33:41 Conscription
35:06 Plate Mail Armor
34:43 Scale Barding Armor
34:29 Fletching
34:39 Padded Archer Armor
34:06 Elite Skirmisher
36:58 Thumb Ring
38:55 Heavy Camel Rider
che_wacca
10:16 Feudal Age
14:49 Castle Age
14:08 Double-Bit Axe
21:39 Pikeman
24:14 Bow Saw
23:45 Horse Collar
27:44 Heavy Plow
27:35 Gold Mining
27:35 Stone Mining
28:36 Forging
29:24 Wheelbarrow
37:46 Imperial Age
37:19 Fletching
37:29 Padded Archer Armor
38:05 Iron Casting
37:30 Scale Mail Armor
37:37 Scale Barding Armor
37:22 Crossbowman
38:08 Thumb Ring
Connection lost

Rejoining the realm…

Still unreachable

The connection could not be restored.

Session expired

The server has moved on; the page needs a fresh start.